 Dungeon Crawl Stone Soup version 0.32-a0-918-g0f22ef8d61 (webtiles) character file.

Game seed: 3400223583467020218

322153 Ajdolov the Sorcerer (level 20, -17/153 HPs)
             Began as a Mummy Ice Elementalist on Apr 10, 2024.
             Was an Initiate of Gozag.
             Demolished by Mennas
             ... wielding a +1 eudemon blade of holy wrath
              (21 damage)
             ... on level 3 of the Depths on Apr 11, 2024.
             The game lasted 02:49:01 (80716 turns).

Ajdolov the Sorcerer (Mummy Ice Elementalist)      Turns: 80716, Time: 02:49:02

Health: -17/153    AC: 18    Str: 13    XL:     20   Next: 66%
Magic:  46/46      EV: 15    Int: 38    God:    Gozag
Gold:   10797      SH:  5    Dex: 14    Spells: 27/64 levels left

rFire   + + .        y - staff of cold
rCold   + + .        x - orb of Inaction {light, Regen+ Str+2 Int+6 Dex-2}
rNeg    + + +        L - +2 leather armour {rF+}
rPois   ∞            G - +2 helmet {SInv}
rElec   +            N - +2 cloak {rC+}
rCorr   +            g - +1 pair of gloves of the Crypt {Int+2}
SInv    +            w - +2 pair of boots "Niofouxt" {*Slow rPois rF+ Will++}
Will    ++++.        F - amulet of reflection
Stlth   +            B - ring "Learan" {Fly rCorr Int+6 Dex+4}
HPRegen 1.25/turn    v - ring "Utechem" {Fire rElec Stlth+}
MPRegen 0.30/turn

%: slow self (1%), reflection, faith
@: flying, glowing, silenced
A: cold resistance 1, negative energy resistance 3, torment resistance 2, heat
vulnerability 1, in touch with death 2, no potions, faith
}: 2/15 runes: decaying, gossamer
a: Renounce Religion


You were on level 3 of the Depths.
You worshipped Gozag.
Gozag was extremely pleased with you.
You visited 8 branches of the dungeon, and saw 38 of its levels.
You also visited: Sewer, Bailey and Ice Cave.

You collected 17524 gold pieces.
You spent 2304 gold pieces at shops.
You paid 4423 gold pieces to Gozag.

Inventory:

Missiles
 o - 4 curare-tipped darts
Armour
 g - the +1 pair of gloves of the Crypt (worn) {Int+2}
   (You found it on level 2 of the Spider Nest)

   Int+2:     It affects your intelligence (+2).
 i - an orb of energy
 t - a +0 buckler
 w - the +2 pair of boots "Niofouxt" (worn) {*Slow rPois rF+ Will++}
   (You found it on level 2 of the Spider Nest)

   rF+:       It protects you from fire.
   rPois:     It protects you from poison.
   Will++:    It greatly increases your willpower.
   *Slow:     It may slow you when you take damage.
 x - the orb of Inaction (worn) {light, Regen+ Str+2 Int+6 Dex-2}
   (You took it off Frederick on level 4 of the Vaults)

   Str+2:     It affects your strength (+2).
   Int+6:     It affects your intelligence (+6).
   Dex-2:     It affects your dexterity (-2).
   Regen+:    It increases your rate of health regeneration.
 G - a +2 helmet of see invisible (worn)
 L - a +2 leather armour of fire resistance (worn)
 N - a +2 cloak of cold resistance (worn)
Magical Staves
 y - a staff of cold (weapon)
Jewellery
 s - a ring of wizardry
 v - the ring "Utechem" (right hand) {Fire rElec Stlth+}
   (You found it on level 2 of the Spider Nest)

   [ring of fire]

   Fire:      It enhances your fire magic.
   rF+:       It protects you from fire.
   rC-:       It makes you vulnerable to cold.
   rElec:     It insulates you from electricity.
   Stlth+:    It makes you more stealthy.
 B - the ring "Learan" (left hand) {Fly rCorr Int+6 Dex+4}
   (You found it on level 2 of the Lair of Beasts)

   [ring of intelligence]

   Int+6:     It affects your intelligence (+6).
   Dex+4:     It affects your dexterity (+4).
   Fly:       It grants you flight.
   rCorr:     It protects you from acid and corrosion.
 F - an amulet of reflection (around neck)
 J - the ring of Dyaffiul {rF+ rC+ Str+6}
   (You found it on level 2 of the Depths)

   [ring of strength]

   Str+6:     It affects your strength (+6).
   rF+:       It protects you from fire.
   rC+:       It protects you from cold.
Wands
 k - a wand of mindburst (18)
 q - a wand of digging (12)
 z - a wand of paralysis (8)
 A - a wand of flame (46)
 E - a wand of polymorph (8)
Scrolls
 a - 3 scrolls of vulnerability
 b - 17 scrolls of teleportation
 c - 2 scrolls of summoning
 d - 7 scrolls of fog
 e - 3 scrolls of immolation
 f - 2 scrolls of torment
 j - 6 scrolls of revelation
 l - 10 scrolls of amnesia
 m - 6 scrolls of blinking
 n - 2 scrolls of fear
 p - a scroll of brand weapon
 u - 3 scrolls of enchant armour
 D - 4 scrolls of silence
 I - 7 scrolls of poison
Miscellaneous
 h - a phial of floods (inert)
 r - a lightning rod (4/4)


   Skills:
 + Level 12.2 Fighting
 + Level 6.4 Armour
 - Level 10.0 Dodging
 - Level 2.0 Stealth
 - Level 6.0 Shields
 + Level 22.5 Spellcasting
 + Level 20.7 Ice Magic
 - Level 10.0 Earth Magic
 - Level 5.0 Evocations


You had 27 spell levels left.
You knew the following spells:

 Your Spells              Type           Power      Damage    Failure   Level
a - Freeze                Ice            100%       1d10      0%          1
b - Frozen Ramparts       Ice            100%       1d16      0%          3
c - Ozocubu's Armour      Ice            100%       N/A       0%          3
d - Summon Ice Beast      Ice/Summ       100%       N/A       1%          3
e - Permafrost Eruption   Ice/Erth       63%        2x4d14    1%          6
f - Freezing Cloud        Conj/Ice/Air   48%        6-21      1%          5
g - Ozocubu's Refrigerat  Ice            70%        4d23      1%          7
h - Polar Vortex          Ice            70%        12d9*     14%         9

Your spell library contained the following spells:

 Spells                   Type           Power      Damage    Failure   Level
 Ensorcelled Hibernation  Hex/Ice        100%       N/A       0%          2
 Apportation              Tloc           84%        N/A       1%          1
 Magic Dart               Conj           100%       1d8       1%          1
 Necrotise                Necr           100%       1d9       1%          1
 Sting                    Conj/Alch      100%       1d9       1%          1
 Summon Small Mammal      Summ           100%       N/A       1%          1
 Blink                    Tloc           84%        N/A       1%          2
 Lesser Beckoning         Tloc           84%        N/A       1%          2
 Mercury Vapours          Alch/Air       84%        N/A       1%          2
 Scorch                   Fire           100%       2d9       1%          2
 Searing Ray              Conj           84%        2d7       1%          2
 Dazzling Flash           Conj/Hex       84%        N/A       1%          3
 Hailstorm                Conj/Ice       100%       3d16      1%          3
 Mephitic Cloud           Conj/Alch/Air  42%        N/A       1%          3
 Teleport Other           Tloc           42%        N/A       1%          3
 Animate Armour           Summ/Erth      100%       N/A       1%          4
 Brom's Barrelling Bould  Conj/Erth      69%        2d8       1%          4
 Leda's Liquefaction      Alch/Erth      34%        N/A       1%          4
 Lee's Rapid Deconstruct  Erth           43%        3d21*     1%          5
 Sculpt Simulacrum        Ice/Alch       55%        N/A       1%          6
 Borgnjor's Vile Clutch   Necr/Erth      55%        N/A       2%          5
 Anguish                  Hex/Necr       38%        N/A       7%          4
 Cause Fear               Hex            21%        N/A       7%          4
 Flame Wave               Conj/Fire      59%        2d14      7%          4
 Fulminant Prism          Conj/Alch      21%        3d12      7%          4
 Olgreb's Toxic Radiance  Alch           42%        N/A       7%          4
 Passage of Golubria      Tloc           42%        N/A       7%          4
 Summon Lightning Spire   Summ/Air       42%        N/A       7%          4
 Fireball                 Conj/Fire      29%        3d13      19%         5
 Iskenderun's Battlesphe  Conj           42%        2d9       19%         5
 Silence                  Hex/Air        21%        N/A       19%         5
 Conjure Ball Lightning   Conj/Air       21%        3x3d6     71%         6
 Death Channel            Necr           38%        N/A       71%         6
 Dispersal                Tloc           21%        N/A       71%         6
 Gell's Gavotte           Tloc           21%        2d(20-30) 71%         6
 Starburst                Conj/Fire      29%        6d9       71%         6
 Summon Cactus Giant      Summ           21%        N/A       71%         6
 Enfeeble                 Hex            21%        N/A       99%         7
 Manifold Assault         Tloc           21%        N/A       99%         7
 Orb of Destruction       Conj           21%        9d8       99%         7
 Summon Hydra             Summ           21%        N/A       99%         7
 Lehudib's Crystal Spear  Conj/Erth      34%        10d9      99%         8
 Discord                  Hex            21%        N/A       100%        8
 Maxwell's Capacitive Co  Air            21%        ∞         100%        8
 Summon Horrible Things   Summ           21%        N/A       100%        8
 Dragon's Call            Summ           21%        N/A       100%        9
 Animate Dead             Necr           Unusable   N/A       N/A         4

Dungeon Overview and Level Annotations

Branches:
Dungeon (15/15)            Temple (1/1) D:5            Lair (5/5) D:10
  Swamp (4/4) Lair:2       Spider (4/4) Lair:2        Slime (0/5) Lair:4
    Orc (2/2) D:11            Elf (0/3) Orc:2        Vaults (4/5) D:14
  Crypt (0/3) Vaults:2     Depths (3/4) D:15          Sewer (visited)
 Bailey (visited)           IceCv (visited)

Altars:
Ashenzari
Cheibriados
Dithmenos
Fedhas
Gozag
Hepliaklqana
Kikubaaqudgha
Makhleb
Nemelex Xobeh
Okawaru
Qazlal
Ru
Sif Muna
Trog
Uskayaw
Vehumet
Wu Jian
Xom
Yredelemnul
Jiyva

Shops:
D:3 *   D:5 :   D:7 [   D:8 [   D:14 ([   D:15 ****(   Orc:1 *   Orc:2 :(**
Vaults:1 (

Portals:
Hell: Depths:1 Depths:2
Abyss: Orc:1 Depths:3
Pandemonium: Orc:2 Depths:2
Trove: Depths:2 (give +4 fire dragon scales)

Annotations:
D:6 3 runed translucent doors, Ananasrisotto's ghost, novice VSHW
D:7 1 runed translucent door
D:12 exclusion: orange crystal statue
Lair:4 2 transporters, Syneil's ghost, journeyman MDFi
Orc:1 2 transporters, Loily's ghost, journeyman GrFi
Vaults:2 exclusion: orange crystal statue
Depths:3 Mennas


Innate Abilities, Weirdness & Mutations

You are immune to poison.
Your flesh is cold resistant. (rC+)
You are immune to negative energy. (rN+++)
You are immune to unholy pain and torment.
You are vulnerable to heat. (rF-)
You are strongly in touch with the powers of death.
You do not drink.
You have a special connection with the divine. (Faith)


Message History

Throw: 4 darts (curare)
Press: ? - help, Shift-Dir - straight line, f - Mennas
Aim: Mennas, wielding a +1 eudemon blade of holy wrath and wearing a +0 tower shield (silenced, lightly wounded, radiating silence, waterlogged, haloed, 9% to hit)
Okay, then.
Unknown command.
Unknown command.
Aiming: Paralyse
Press: ? - help, Shift-Dir - straight line, f - Mennas
Aim: Mennas, wielding a +1 eudemon blade of holy wrath and wearing a +0 tower shield (silenced, lightly wounded, radiating silence, waterlogged, haloed, chance to affect: 0%)
Okay, then.
Unknown command.
Okay, then.
Press: ? - help, v - describe, . - travel
Here: Mennas, wielding a +1 eudemon blade of holy wrath and wearing a +0 tower shield (silenced, lightly wounded, radiating silence, waterlogged, haloed)
The floor.
There are no items here.
Okay, then.
Press: ? - help, v - describe, . - travel
Here: Mennas, wielding a +1 eudemon blade of holy wrath and wearing a +0 tower shield (silenced, lightly wounded, radiating silence, waterlogged, haloed)
The floor.
Search for what [Enter for "amu", or ? for help]? shaft
Press: ? - help, v - describe, . - travel
Here: Mennas, wielding a +1 eudemon blade of holy wrath and wearing a +0 tower shield (silenced, lightly wounded, radiating silence, waterlogged, haloed)
The floor.
Press: ? - help, v - describe, . - travel The floor.
This square is shrouded in silence and is lit by a halo.
Mennas is no longer waterlogged.
Mennas attacks as he pursues you!
Mennas hits you with a +1 eudemon blade of holy wrath!
You convulse!
Mennas hits you but does no damage. Mennas attacks as he pursues you!
Mennas hits you with a +1 eudemon blade of holy wrath!!
* * * LOW HITPOINT WARNING * * *
You convulse!!
* * * LOW HITPOINT WARNING * * *
Mennas hits you with a +1 eudemon blade of holy wrath!
* * * LOW HITPOINT WARNING * * *
You convulse!!
You die...
Your body crumbles into a pile of gold.

....##...#......
.........#........
...#....##........... ....##
.####..##............ .....#
..# ##..#....... ... §§§≈.#
.####....)....# #.. ..≈....
...##.........### ..#§..≈..#
..####..........####..$.....#
.## #...........@A.#.....##
..# ##..##.........##.~~~.#
..# ####.....>.##....~~~.#
.## #.......###....#~~.# ##
#<...#..# #....#~~..#
##..##### ##.### ~..# #...#
#.# ....# #...# ### .###
##..# .#


You could see Mennas (silencing).

Vanquished Creatures
  Frederick (Vaults:4)
  Mara (Vaults:4)
  Nikola (Vaults:3)
  A tentacled monstrosity (Vaults:4)
  Zenata (Vaults:3)
  A lich (Vaults:4)
  4 sphinxes
  Frances (Swamp:2)
  Asterion (Spider:1)
  2 thorn hunters
  A tengu reaver (Vaults:2)
  Agnes (D:14)
  A shadow dragon (Depths:2)
  Kirke (Lair:5)
  2 fenstrider witches
  4 emperor scorpions
  A frost giant (Depths:3)
  6 ghost moths
  13 vault wardens
  A balrug (Depths:2)
  Louise (Spider:1)
  2 orc warlords (Orc:2)
  8 stone giants
  6 broodmothers
  3 formless jellyfish
  10 ironbound preservers
  6 ironbound thunderhulks
  4 very ugly things (Depths:2)
  2 eleionomae (Swamp:4)
  Azrael (D:13)
  3 bunyips
  9 spark wasps
  A dire elephant (Vaults:4)
  Snorg (Lair:5)
  3 ettins
  5 entropy weavers
  Erolcha (D:12)
  2 fire dragons
  Josephine (D:13)
  8 yaktaur captains
  3 ice dragons
  3 jorogumos
  7 great orbs of eyes
  3 crystal guardians
  22 hydras
  3 rakshasas (Depths:2)
  4 ghost crabs
  2 peacekeepers
  7 vault guards
  A spriggan air mage (Depths:1)
  10 ironbound frosthearts
  An ogre mage (Orc:2)
  7 boulder beetles
  2 demonspawn (Orc:2)
  9 alligators
  4 two-headed ogres (Orc:2)
  4 tengu warriors
  7 orc high priests (Orc:2)
  A vampire mage (Depths:2)
  A deep troll earth mage (Depths:2)
  2 demonic crawlers (Spider:3)
  8 death yaks
  2 occultists
  4 hell knights (Depths:2)
  A soul eater (Depths:2)
  A spriggan berserker (Depths:2)
  A skyshark (Lair:4)
  5 pharaoh ants
  A spark wasp zombie (Depths:2)
  6 goliath frogs
  30 deep trolls
  A glowing orange brain (Depths:2)
  10 swamp dragons
  4 spriggan druids
  An orb spider (shapeshifter) (Depths:1)
  A bog body (Swamp:3)
  4 sun moths
  3 phantasmal warriors
  4 lindwurms
  4 steelbarb worms
  An obsidian bat (Orc:2)
  4 arcanists
  13 ironbound convokers
  8 orb spiders
  8 orc knights
  A deep elf pyromancer (D:12)
  4 will-o-the-wisps
  10 orc sorcerers
  5 necromancers
  3 cyclopes
  A moth of wrath (Spider:2)
  6 manticores
  34 ugly things
  9 elephants
  24 wolf spiders
  Maurice (D:10)
  9 meliai
  A rust devil (Orc:2)
  11 black mambas
  11 vault sentinels
  2 gargoyles
  An orange demon (Orc:2)
  A guardian serpent (Lair:5)
  An ice statue (IceCv)
  9 torpor snails
  7 cane toads
  Maggie (D:7)
  A spriggan zombie (Depths:2)
  A tormentor (Depths:2)
  10 komodo dragons
  6 rime drakes
  2 tengu conjurers
  An unseen horror (D:9)
  13 yaktaurs
  A golden dragon simulacrum (Depths:2)
  Psyche (D:10)
  A kobold demonologist (D:12)
  An ice devil (D:11)
  2 freezing wraiths
  A red devil (Orc:2)
  3 bloated husks
  A tengu simulacrum (Depths:2)
  A queen bee (Spider:4)
  9 trolls
  15 polar bears
  44 tarantellas
  11 tyrant leeches
  12 hornets
  29 jumping spiders
  10 blink frogs
  5 dream sheep (Lair:5)
  A snapping turtle (shapeshifter) (Depths:1)
  4 human skeletons (Vaults:3)
  20 slime creatures
  7 water elementals
  31 culicivoras
  3 shadows
  24 wyverns
  11 spriggans
  5 hogs (Lair:5)
  6 wraiths
  2 fire elementals (D:13)
  4 basilisks
  19 vampire mosquitoes
  50 yaks
  51 redbacks
  11 wargs
  An acid dragon (D:14)
  A harpy simulacrum (D:14)
  28 water moccasins
  6 hell hounds
  17 swamp worms
  11 swamp drakes
  39 orc warriors
  3 black bears
  3 sky beasts
  9 ogres
  5 boggarts (D:15)
  20 wolves
  4 centaurs
  7 kobold brigands
  A weeping skull (D:5)
  A brain worm (Sewer)
  A gnoll sergeant (D:8)
  2 scorpions (D:5)
  8 bullfrogs
  A glowing shapeshifter simulacrum (Depths:2)
  12 wights
  14 killer bees
  7 electric eels
  4 howler monkeys
  2 bullfrog zombies (D:5)
  A human zombie (D:5)
  3 hounds
  7 jellies
  27 orc priests
  2 gnoll boudas
  An iguana (D:6)
  18 orc wizards
  A scorpion zombie (D:5)
  7 hell rats (Lair:2)
  A hound zombie (D:5)
  2 mummies (D:5)
  22 gnolls
  11 adders
  6 river rats
  A shadow imp (D:6)
  A white imp (D:6)
  A dart slug (D:4)
  4 ribbon worms
  69 orcs
  9 endoplasms
  5 giant cockroaches
  6 goblins
  6 hobgoblins
  4 jackals
  5 quokkas
  10 ball pythons
  5 bats
  3 frilled lizards
  17 kobolds
  10 rats
1404 creatures vanquished.

Vanquished Creatures (collateral kills)
  A vault warden (Vaults:2)
  A ghost moth (Spider:2)
  An ettin (Orc:1)
  A hydra (Lair:2)
  2 two-headed ogres
  A radroach (Spider:1)
  A bog body (Swamp:2)
  A wolf spider (Spider:2)
  An ugly thing (D:11)
  A cyclops (D:11)
  A cane toad (Lair:1)
  A rime drake (Lair:5)
  A yaktaur (Vaults:2)
  A troll (D:11)
  3 blink frogs (Lair:2)
  A wraith (D:10)
  2 spriggans (Bailey)
  A yak (Lair:1)
  A steam dragon (Bailey)
  An orc warrior (Orc:2)
  A sky beast (D:7)
  5 ogres
  2 wolves (D:10)
  2 wights (D:6)
  A bullfrog zombie (D:5)
  3 hounds
  An orc wizard (D:10)
  A gnoll (D:8)
  An orc (D:10)
  4 goblins (D:8)
45 creatures vanquished.

Vanquished Creatures (others)
  A bloated husk (Swamp:2)
  6 foxfires
7 creatures vanquished.

Grand Total: 1456 creatures vanquished

Notes
Turn   | Place    | Note
-------+----------+-------------------------------------------
     0 | D:1      | Ajdolov the Mummy Ice Elementalist began the quest for the
                  | Orb.
     0 | D:1      | Reached XP level 1. HP: 13/13 MP: 4/4
   110 | D:1      | Found a faded altar of an unknown god.
   169 | D:1      | Reached skill level 3 in Spellcasting
   299 | D:1      | Reached XP level 2. HP: 18/19 MP: 4/6
  1087 | D:2      | Reached XP level 3. HP: 23/24 MP: 4/8
  1091 | D:2      | Learned a level 3 spell: Frozen Ramparts
  1095 | D:2      | Learned a level 3 spell: Ozocubu's Armour
  1766 | D:2      | Reached skill level 4 in Spellcasting
  2044 | D:3      | Learned a level 3 spell: Summon Ice Beast
  2080 | D:3      | You fall into a shaft and drop 1 floor!
  2308 | D:3      | Found Qogeoxy's Assorted Antiques.
  2389 | D:3      | Reached XP level 4. HP: 27/30 MP: 7/10
  3593 | D:4      | Reached skill level 5 in Spellcasting
  3593 | D:4      | Reached XP level 5. HP: 19/35 MP: 2/12
  3944 | D:5      | Entered Level 5 of the Dungeon
  3956 | D:5      | Found a glowing drain.
  3965 | Sewer    | Entered a sewer
  4130 | Sewer    | Reached skill level 6 in Spellcasting
  4130 | Sewer    | Reached skill level 5 in Ice Magic
  4130 | Sewer    | Reached XP level 6. HP: 14/41 MP: 1/15
  4363 | Sewer    | Reached XP level 7. HP: 41/46 MP: 7/17
  4624 | Sewer    | Reached skill level 7 in Spellcasting
  5141 | D:5      | Found Babytanu's Book Shoppe.
  5370 | D:5      | Reached skill level 8 in Spellcasting
  5409 | D:5      | Found a staircase to the Ecumenical Temple.
  5417 | Temple   | Entered the Ecumenical Temple
  5456 | Temple   | Became a worshipper of Gozag Ym Sagoz the Greedy
  5572 | D:5      | Reached XP level 8. HP: 27/52 MP: 15/20
  6374 | D:5      | Found a basalt altar of Yredelemnul.
  6460 | D:5      | Reached skill level 9 in Spellcasting
  7680 | D:6      | Noticed Ananasrisotto's ghost (novice VSHW)
  7686 | D:6      | Noticed a troll
  7736 | D:6      | Reached skill level 10 in Spellcasting
  7833 | D:6      | Found an ancient bone altar of Kikubaaqudgha.
  7900 | D:6      | Reached XP level 9. HP: 44/57 MP: 2/23
  8659 | D:6      | Found a runed translucent gate.
  8659 | D:6      | Found a runed translucent gate.
  8660 | D:6      | Found a runed translucent gate.
  9279 | D:7      | Found a hazy altar of Hepliaklqana.
  9296 | D:7      | Reached skill level 11 in Spellcasting
  9458 | D:7      | Noticed a sixfirhy
  9459 | D:7      | Found a runed translucent door.
  9488 | D:7      | Found Vaeseowna's Antique Armour Emporium.
  9498 | D:7      | Bought an embroidered cloak for 217 gold pieces
  9625 | D:7      | Found a sparkling altar of Nemelex Xobeh.
  9625 | D:7      | Noticed Maggie
  9655 | D:7      | Killed Maggie
 10030 | D:7      | Reached skill level 12 in Spellcasting
 10563 | D:8      | Found Hylome's Antique Armour Shoppe.
 10576 | D:8      | Reached skill level 1 in Fighting
 10698 | D:8      | Found a flagged portal.
 10737 | Bailey   | Entered a bailey
 10847 | Bailey   | Reached XP level 10. HP: 65/67 MP: 20/26
 10875 | Bailey   | Noticed a two-headed ogre
 10881 | Bailey   | Killed a two-headed ogre
 11032 | Bailey   | Reached skill level 10 in Ice Magic
 11117 | Bailey   | Reached skill level 5 in Fighting
 11191 | Bailey   | Identified the +0 quarterstaff of Starshine {heavy, rPois
                  | rCorr Dex+2}
 11202 | Bailey   | Learned a level 6 spell: Permafrost Eruption
 11208 | Bailey   | Learned a level 5 spell: Freezing Cloud
 11443 | D:8      | Reached skill level 1 in Earth Magic
 12241 | D:9      | Found a shimmering altar of Xom.
 12333 | D:9      | Found a radiant altar of Vehumet.
 12545 | D:9      | Learned a level 7 spell: Ozocubu's Refrigeration
 13598 | D:10     | Entered Level 10 of the Dungeon
 13703 | D:10     | Noticed a two-headed ogre
 13712 | D:10     | Killed a two-headed ogre
 13713 | D:10     | Reached XP level 11. HP: 83/83 MP: 16/27
 13775 | D:10     | Noticed Maurice
 13862 | D:10     | Killed Maurice
 13946 | D:10     | Found a staircase to the Lair.
 14650 | D:10     | Noticed Psyche
 14759 | D:10     | Killed Psyche
 15123 | D:10     | Found a sacrificial altar of Ru.
 15240 | D:10     | Found a shimmering blue altar of Sif Muna.
 16191 | D:11     | Noticed a green ugly thing
 16206 | D:11     | Killed a green ugly thing
 16540 | D:11     | Found a staircase to the Orcish Mines.
 16699 | Lair:1   | Entered Level 1 of the Lair of Beasts
 16772 | Lair:1   | Reached skill level 5 in Earth Magic
 17319 | Lair:1   | Reached XP level 12. HP: 94/94 MP: 19/28
 18040 | Lair:2   | Found a hole to the Spider Nest.
 18467 | Lair:2   | Identified the ring "Learan" {Fly rCorr Int+6 Dex+4}
 18980 | Lair:2   | Reached skill level 10 in Fighting
 19823 | Lair:2   | Noticed a seven-headed hydra
 19842 | Lair:2   | Killed a seven-headed hydra
 19970 | Lair:2   | Found a staircase to the Swamp.
 20921 | Lair:3   | You fall into a shaft and drop 2 floors!
 20921 | Lair:5   | Entered Level 5 of the Lair of Beasts
 20938 | Lair:4   | Noticed a death yak
 20939 | Lair:4   | Noticed a death yak
 21056 | Lair:4   | Gained mutation: You are strongly in touch with the powers
                  | of death. [Mummy growth]
 21056 | Lair:4   | Reached XP level 13. HP: 91/103 MP: 9/29
 21149 | Lair:4   | Noticed Syneil's ghost (journeyman MDFi)
 21561 | Lair:4   | Found a transporter.
 23274 | Lair:4   | Found a staircase to the Slime Pits.
 23274 | Lair:4   | Found a viscous altar of Jiyva.
 23493 | Lair:4   | Found a transporter.
 24109 | Orc:1    | Entered Level 1 of the Orcish Mines
 24128 | Orc:1    | Found a transporter.
 24131 | Orc:1    | Found a one-way gate to the infinite horrors of the Abyss.
 24131 | Orc:1    | Noticed Loily's ghost (journeyman GrFi)
 24133 | Orc:1    | Found a transporter.
 24247 | Orc:1    | Found Odwuana's Overcharged Wands.
 24402 | Orc:1    | Noticed an ettin
 24416 | Orc:1    | Killed an ettin
 25432 | Orc:2    | Entered Level 2 of the Orcish Mines
 25566 | Orc:2    | Reached skill level 10 in Earth Magic
 26310 | Orc:2    | Noticed an orc warlord
 26382 | Orc:2    | Reached XP level 14. HP: 104/110 MP: 6/30
 26950 | Orc:2    | Noticed an orc warlord
 26954 | Orc:2    | Killed an orc warlord
 27127 | Orc:2    | Found a staircase to the Elven Halls.
 27650 | Orc:2    | Found Bockyor's General Store.
 27670 | Orc:2    | Found Maul's General Store.
 27983 | D:11     | Reached skill level 15 in Ice Magic
 28621 | Orc:2    | Reached skill level 1 in Armour
 28621 | Orc:2    | Reached skill level 1 in Evocations
 28629 | Orc:2    | Identified the +0 chain mail "Put-Me-On" {Str+3}
 29605 | Orc:2    | Bought a scroll of fear for 68 gold pieces
 29605 | Orc:2    | Bought a scroll of poison for 68 gold pieces
 30951 | Orc:2    | Reached skill level 13 in Spellcasting
 31192 | Orc:2    | Found Sinei's Book Emporium.
 31192 | Orc:2    | Found Masee's Antique Weapon Shoppe.
 31193 | Orc:2    | Found a one-way gate leading to the halls of Pandemonium.
 31266 | Orc:2    | Killed an orc warlord
 31542 | D:8      | Bought a fading ring mail for 243 gold pieces
 31542 | D:8      | Identified the +0 ring mail of Marbles {rC+ Str+3 Int+3
                  | Stlth+} (You bought it in a shop on level 8 of the Dungeon)
 31542 | D:8      | Bought a runed leather armour for 135 gold pieces
 31542 | D:8      | Bought a glowing leather armour for 135 gold pieces
 31914 | D:3      | Bought a thin glowing staff for 336 gold pieces
 32487 | Lair:5   | Noticed Kirke
 32608 | Lair:5   | Killed Kirke
 34180 | Lair:5   | Reached XP level 15. HP: 106/115 MP: 2/32
 34426 | Lair:5   | Noticed Snorg
 34460 | Lair:5   | Killed Snorg
 35082 | Lair:5   | Reached skill level 5 in Armour
 35172 | Lair:5   | Reached skill level 5 in Evocations
 35738 | D:12     | Reached skill level 14 in Spellcasting
 36033 | D:12     | Noticed Erolcha
 36036 | D:12     | Killed Erolcha
 37692 | D:13     | Noticed Josephine
 37873 | D:13     | Killed Josephine
 38097 | D:13     | Found a frozen archway.
 38109 | IceCv    | Entered an ice cave
 38815 | IceCv    | Identified the +7 short sword of the Radish {pain, +Blink
                  | rElec}
 39053 | IceCv    | Reached skill level 15 in Spellcasting
 39869 | IceCv    | Got the Vademecum on Cooperative Snow
 40405 | D:13     | Noticed Azrael
 40407 | D:13     | Killed Azrael
 41035 | D:14     | Found Rawod's Armour Emporium.
 41317 | D:14     | Found a snail-covered altar of Cheibriados.
 41488 | D:14     | Found Meorrafu's Weapon Emporium.
 41941 | D:14     | Found a gate to the Vaults.
 41974 | D:15     | Entered Level 15 of the Dungeon
 42023 | D:15     | Found an ornate altar of the Wu Jian Council.
 42358 | D:15     | Found Ocvaech's Assorted Antiques.
 42365 | D:15     | Bought a glowing scarf for 296 gold pieces
 42365 | D:15     | Bought 3 scrolls of poison for 444 gold pieces
 42371 | D:15     | Found Vus Zyogg's General Store.
 42377 | D:15     | Bought a scroll of enchant armour for 97 gold pieces
 42377 | D:15     | Bought a scroll of identify for 26 gold pieces
 42649 | D:15     | Reached skill level 16 in Spellcasting
 43197 | D:15     | Found Jogad's General Store.
 43200 | D:15     | Found Rizuffyl's Assorted Antiques.
 43275 | D:15     | Found a staircase to the Depths.
 43371 | D:15     | Bought a scroll of fear for 64 gold pieces
 43371 | D:15     | Bought a scroll of poison for 64 gold pieces
 43377 | D:15     | Bought a scroll of teleportation for 111 gold pieces
 43728 | D:15     | Found Asitenom's Antique Weapon Shop.
 44147 | Swamp:1  | Entered Level 1 of the Swamp
 44190 | Swamp:1  | Reached XP level 16. HP: 122/122 MP: 11/36
 45799 | Swamp:2  | Noticed Frances
 45958 | Swamp:2  | Reached skill level 17 in Spellcasting
 46120 | Swamp:2  | Killed Frances
 47769 | Swamp:3  | Noticed a thorn hunter
 47979 | Swamp:3  | Killed a thorn hunter
 48367 | Spider:1 | Entered Level 1 of the Spider Nest
 49239 | Spider:1 | Noticed Asterion
 49464 | Spider:1 | Reached skill level 18 in Spellcasting
 49467 | Spider:1 | Noticed Louise
 49476 | Spider:1 | Killed Louise
 50085 | Spider:1 | Killed Asterion
 51049 | Spider:2 | Found a transporter.
 51154 | Spider:2 | Reached XP level 17. HP: 128/128 MP: 19/39
 51158 | Spider:2 | Reached skill level 5 in Dodging
 53234 | Spider:2 | Identified a scroll of acquirement
 53396 | Spider:2 | Found a transporter.
 53701 | Spider:2 | Got the +2 pair of boots "Niofouxt" {*Slow rPois rF+
                  | Will++}
 53809 | Spider:2 | Acquired 813 gold pieces
 53916 | Spider:2 | Identified the ring "Utechem" {Fire rElec Stlth+}
 54147 | Spider:2 | Identified the +1 pair of gloves of the Crypt {Int+2}
 54536 | Spider:2 | Reached skill level 19 in Spellcasting
 57048 | Swamp:4  | Entered Level 4 of the Swamp
 58765 | Swamp:4  | Reached XP level 18. HP: 134/134 MP: 30/41
 58986 | Swamp:4  | Reached skill level 20 in Spellcasting
 59181 | Swamp:4  | Got a decaying rune of Zot
 59419 | D:14     | Noticed Agnes
 59421 | D:14     | Killed Agnes
 59462 | Vaults:1 | Entered Level 1 of the Vaults
 60097 | Vaults:1 | Found Leadgh's Antique Weapon Shop.
 60581 | Vaults:1 | Identified the +11 bardiche of Biweicre {flame, rF++ Will+
                  | Stlth+}
 62070 | Vaults:2 | Identified the ring of Vuwk {rElec rCorr Str-5 Dex+6}
 62474 | Vaults:2 | Found a flickering gateway to a bazaar.
 63532 | Vaults:2 | Reached skill level 21 in Spellcasting
 64677 | Vaults:2 | Found a staircase to the Crypt.
 64677 | Vaults:2 | Found a basalt altar of Yredelemnul.
 64678 | Vaults:2 | Found an ancient bone altar of Kikubaaqudgha.
 66088 | Vaults:3 | Reached skill level 10 in Dodging
 66089 | Vaults:3 | Reached XP level 19. HP: 140/140 MP: 15/44
 66380 | Vaults:3 | Reached skill level 1 in Shields
 66482 | Vaults:3 | Noticed Nikola
 66599 | Vaults:3 | Killed Nikola
 66754 | Vaults:3 | Noticed Zenata
 66812 | Vaults:3 | Killed Zenata
 68781 | Vaults:4 | Noticed Mara
 68784 | Vaults:4 | Killed Mara
 69189 | Vaults:4 | Reached skill level 22 in Spellcasting
 70218 | Vaults:4 | Reached skill level 5 in Shields
 70387 | Vaults:4 | Identified the orb of Inaction {light, Regen+ Str+2 Int+6
                  | Dex-2}
 70387 | Vaults:4 | Noticed Frederick
 70403 | Vaults:4 | Killed Frederick
 71573 | Spider:4 | Entered Level 4 of the Spider Nest
 74198 | Spider:4 | Reached XP level 20. HP: 149/149 MP: 38/46
 75517 | Spider:4 | Got a gossamer rune of Zot
 75657 | Spider:4 | Learned a level 9 spell: Polar Vortex
 75946 | Depths:1 | Entered Level 1 of the Depths
 75980 | Depths:1 | Found a shadowy altar of Dithmenos.
 76150 | Depths:1 | Identified the +0 pair of gloves "Uskick" {Harm Rampage
                  | Regen+ Str-2}
 76792 | Depths:1 | Found a gateway to Hell.
 79920 | Depths:2 | Identified the ring of Dyaffiul {rF+ rC+ Str+6}
 79949 | Depths:2 | Got the Compendium of Discontinuous Takwin
 79978 | Depths:2 | Identified the +6 quarterstaff "Zaubi" {drain, rPois rC+
                  | Dex-5}
 80313 | Depths:2 | Found a portal to a secret trove of treasure.
 80709 | Depths:3 | Noticed Mennas
 80716 | Depths:3 | HP: 4/153 [Mennas/+1 eudemon blade of holy wrath (16)]
 80716 | Depths:3 | Demolished by Mennas

Illustrated notes

Levels and vault maps discovered:
D:1:      elethiomel_arrival_shortcut, layout_loops_ring,
          hellmonk_ecumenical_altar_blasted
D:2:      layout_basic, minmay_misc_feat_more_columns
D:3:      layout_loops_corners, serial_shops, shop
D:4:      layout_basic
D:5:      layout_loops_corners, lemuel_mausoleum_altar_yredelemnul,
          minmay_temple_entry_offerings, portal_sewer_entry_b, serial_shops,
          shop
D:6:      layout_basic, zin_academy, amcnicky_altar_gilded,
          gammafunk_ghost_split
D:7:      cheibrodos_shockbox, layout_cave_pods, mainiacjoe_overflow_brackets,
          lemuel_crystal_altar, serial_shops, nicolae_shop_just_a_little_nook,
          uniq_maggie
D:8:      layout_rooms, enter_bailey_5, serial_shops, shop_statue
D:9:      wad_lake_hut, layout_basic, regret_index_xom_buried_treasure,
          lemuel_doored_altar, minivault_25_ag
D:10:     layout_cave_pools, lemuel_tele_altar, lemuel_blue_sif_altar,
          nicolae_elyvilon_temple_path, erik_lair_island, minmay_rotating_lava,
          uniq_maurice, uniq_psyche
D:11:     layout_roguey, minmay_orc_entry_guard_dogs, serial_bayou_pond_d
D:12:     layout_basic, minivault_4, grunt_ministairs_3, minmay_statue_bubble,
          uniq_erolcha
D:13:     layout_stronghold, portal_ice_cave_rime, uniq_josephine, uniq_azrael
D:14:     layout_basic, hellmonk_vaults_attempted_burglary, serial_shops, shop,
          cheibriados_altar_1, nrook_uturn, nicolae_stop_n_shop_2, uniq_agnes
D:15:     grunt_enter_depths_giant_problem, layout_basic,
          nzn_wu_jian_contemplation, serial_shops, shop, shop,
          nicolae_shop_scrapyard, shop, shop, nicolae_titane
Temple:   minmay_temple_forest_path
Lair:1:   layout_roguey
Lair:2:   layout_roguey, palyth_hydra_swamp_entry,
          hellmonk_spider_entry_not_the_bees, nicolae_quartered_pool_medium
Lair:3:   layout_big_grid, serial_rivers, chequers_serial_rivers_marsh,
          chequers_serial_rivers_small_b, chequers_serial_rivers_large_a,
          chequers_serial_rivers_large_b, chequers_serial_rivers_small_3,
          roderic_carrion_pond, wad_woods_road_03, st_stairs_13
Lair:4:   layout_gridlike, nicolae_slime_entry_slimehenge,
          nicolae_volcano_entry_two_sided, gammafunk_ghost_arena
Lair:5:   hangedman_lair_tendril_chambers, layout_hall_layers,
          infiniplex_staircase_pool, uniq_snorg, uniq_kirke
Swamp:1:  layout_basic_swamp, nicolae_swamp_big_swirl, swamp_pool_1_2,
          lightli_tree_ring
Swamp:2:  layout_falls_marsh, hangedman_swamp_lotus, nicolae_swamp_tree_designs,
          uniq_frances
Swamp:3:  layout_basic_swamp, hangedman_swamp_ruin_wall
Swamp:4:  swamp, layout_basic_swamp
Spider:1: layout_cave_pods, uniq_louise, uniq_asterion
Spider:2: gammafunk_boulding_lane, hellmonk_motheaten_closet
Spider:3: layout_spider_delve, dreamdust_wasp_nest
Spider:4: grunt_spider_rune_parallel, special_room [special_room_bee],
          nicolae_spider_claw_tunnel
Orc:1:    layout_diamond_mine, gammafunk_ghost_abyssal_escape,
          nicolae_shop_overcharged_wands
Orc:2:    pf_orc_diabolical, layout_caves, minmay_orc_treasury
Vaults:1: ontoclasm_vaults_tryst, hangedman_vaults_nodes,
          hangedman_vaults_cutoff, nicolae_vaults_trapezoid_4,
          nicolae_vaults_closet_pinwheel_4,
          serial_library_hellmonk_angled_corner, layout_vaults_omnigrid,
          serial_shops, nicolae_shop_peninsula
Vaults:2: nicolae_vaults_network_barrier, minmay_crypt_entry_necro_gods,
          nicolae_vaults_storage_closets_2, hangedman_vaults_nails,
          nicolae_vaults_double_plus_2, v_rooms_3, hangedman_vaults_snaps,
          v_misc_17, hangedman_vaults_corner_blocks,
          nicolae_vaults_little_squares_1, vaults_mumra_hex,
          nicolae_vaults_trapezoid_lopsided_4, nicolae_vaults_house_2,
          layout_vaults_ring, serial_shops, statue_bzr
Vaults:3: nicolae_vaults_apartment_1, nicolae_vaults_surprise_closet,
          dpeg_vaults_monster_row, nicolae_vaults_hexular_roomagon,
          ontoclasm_vaults_decontamination, v_misc_12, nicolae_vaults_diamond_1,
          hangedman_vaults_river_flow, v_misc_27, v_misc_9, v_misc_16,
          layout_vaults_omnibox, uniq_zenata, uniq_nikola
Vaults:4: hangedman_vaults_locks, nicolae_vaults_weapon_check,
          nicolae_vaults_hexular_roomagon, v_misc_9, vaults_dpeg_spiral,
          ontoclasm_vaults_chip, nicolae_vaults_an_arrangement,
          hangedman_vaults_impose, nicolae_vaults_sesquioval_fish,
          layout_vaults_big_room, uniq_mara, uniq_frederick
Depths:1: layout_gridlike, hangedman_coc_ice_floe,
          nicolae_dithmenos_shadow_blocks, nicolae_integral_box
Depths:2: minmay_stepped, layout_long_grid, trove_entry_hex_spiral,
          grunt_metal_band, hangedman_abyss_or_decor_stagger,
          rand_demon_pan_entry_7
Depths:3: regret_index_nemelex_summoning_deck_glade, layout_cave_pools,
          serial_sigils_hangedman_stare, abyss_entry_crystal,
          hangedman_geh_valley, serial_bayou_ford_a, minmay_staircase_statues,
          uniq_mennas

Skill      XL: |  1  2  3  4  5  6  7  8  9 10 11 12 13 14 15 16 17 18 19 20 |
---------------+-------------------------------------------------------------+-----
Spellcasting   | 3 4 5 6 8 10 12 13 16 18 19 21 22 | 22.5
Ice Magic      | 4 5 6 7 9 10 11 12 14 15 16 17 18 19 20 | 20.7
Fighting       | 2 6 8 10 12 | 12.2
Earth Magic    | 3 5 8 10 | 10.0
Armour         | 4 5 6 |  6.4
Evocations     | 4 5 |  5.0
Stealth        | 2 |  2.0
Dodging        | 4 7 10 | 10.0
Shields        | 6 |  6.0

Action                     |  1- 3 |  4- 6 |  7- 9 | 10-12 | 13-15 | 16-18 | 19-21 || total
---------------------------+-------+-------+-------+-------+-------+-------+-------++-------
  Melee: Dagger            |     9 |       |       |       |       |       |       ||     9
         Hand axe          |    15 |    33 |       |       |       |       |       ||    48
         Short sword       |       |     8 |    35 |       |       |       |       ||    43
         Spear             |       |       |   242 |   370 |   107 |       |       ||   719
         Staff             |       |       |       |       |    58 |    23 |    24 ||   105
  Throw: Dart              |       |       |       |       |     3 |       |       ||     3
   Cast: Freeze            |    62 |    25 |    23 |     1 |       |       |       ||   111
         Frozen Ramparts   |       |     9 |    67 |    83 |    35 |     1 |       ||   195
         Ozocubu's Armour  |       |     6 |    39 |    57 |    15 |     3 |     3 ||   123
         Summon Ice Beast  |       |       |    37 |    38 |    18 |     6 |     2 ||   101
         Freezing Cloud    |       |       |       |    18 |     1 |     2 |     1 ||    22
         Permafrost Erupti |       |       |       |    43 |   274 |   324 |   311 ||   952
         Ozocubu's Refrige |       |       |       |     8 |   158 |   216 |    87 ||   469
         Polar Vortex      |       |       |       |       |       |       |     2 ||     2
 Invoke: Potion Petition   |       |       |     1 |     2 |     1 |     6 |     1 ||    11
  Evoke: Wand              |       |       |     1 |       |     1 |    23 |     4 ||    29
         Phial of floods   |       |       |       |       |       |     1 |     2 ||     3
    Use: Scroll            |       |       |       |    13 |     8 |     5 |     7 ||    33
   Stab: Sleeping          |     3 |     1 |       |     1 |       |       |       ||     5
         Distracted        |       |       |       |     2 |     1 |       |       ||     3
 Armour: Robe              |    42 |    35 |   270 |   347 |   138 |       |       ||   832
         Leather armour    |       |       |       |       |   134 |   185 |   120 ||   439
  Dodge: Dodged            |    38 |    24 |   148 |   204 |   143 |    84 |    85 ||   726
  Block: Other             |       |       |       |     6 |    49 |     4 |       ||    59
         Reflection        |       |       |       |       |     4 |    12 |     4 ||    20
         Buckler           |       |       |       |       |       |    51 |     7 ||    58

Table legend: (Time is in decaauts)
 A = Elapsed time spent in this place.
 B = Non-inter-level travel time spent in this place.
 C = Inter-level travel time spent in this place.
 D = Time resting spent in this place.
 E = Time spent auto-exploring this place.
 F = Levels seen in this place.
 G = Mean time per level.
                   A        B        C        D        E       F      G
               +--------+--------+--------+--------+--------+-----+--------+
         Total |  81072 |  75826 |   5246 |  17864 |  46649 |  41 | 1977.4 |
       Dungeon |  22946 |  20819 |   2127 |   2352 |  14789 |  15 | 1529.7 |
        Temple |     78 |      3 |     75 |      0 |      0 |   1 |   78.0 |
          Lair |  11525 |  10434 |   1091 |   1264 |   7539 |   5 | 2305.0 |
         Swamp |   6258 |   6023 |    235 |   1747 |   3618 |   4 | 1564.5 |
   Spider Nest |  12824 |  12059 |    765 |   6116 |   4585 |   4 | 3206.0 |
  Orcish Mines |   6967 |   6701 |    266 |   1878 |   3886 |   2 | 3483.5 |
        Vaults |  11852 |  11385 |    467 |   3425 |   6260 |   4 | 2963.0 |
        Depths |   4772 |   4554 |    218 |    780 |   3221 |   3 | 1590.7 |
         Sewer |   1181 |   1181 |      0 |     97 |    877 |   1 | 1181.0 |
        Bailey |    525 |    525 |      0 |     44 |    311 |   1 |  525.0 |
      Ice Cave |   2140 |   2140 |      0 |    159 |   1562 |   1 | 2140.0 |
               +--------+--------+--------+--------+--------+-----+--------+

Top non-repeatable levels by time:
Spider:1: 4622 daAuts
   Orc:2: 4400 daAuts
Spider:4: 4019 daAuts
Vaults:2: 3671 daAuts
Vaults:4: 2993 daAuts
  Lair:4: 2822 daAuts
  Lair:5: 2743 daAuts
Vaults:1: 2655 daAuts
  Lair:2: 2626 daAuts
   Orc:1: 2566 daAuts
Vaults:3: 2531 daAuts
Spider:2: 2471 daAuts
Depths:2: 2373 daAuts
     D:5: 2300 daAuts
 Swamp:3: 2239 daAuts
